Zazza, neutral female human Tourist ----------- ----- |..........#########----- ----- |@..| |.........| #|....# |...| ....| |.........+ #|...|`#######...<| |..f| |.........| #|...|# |{(.| ## |...| |.........| #|...|# |.... #### |...| -----.----- #|...|# --|-- # # # ---.- # #-.---# # #### # ## ### #################### ## # # # # ### # # ####### # ####### # ### # # ## # -------------|--# # # ---.----------### ######### # |..............|### # ###|.............# ### -.---.------ |?]??????????+?| # -|---- #.............| # |..........| |?????????]????| ###|....| |....>.......| ## |..........| ---------------- #.....| -------------- |..........| |....| ...........| ------ ------------ Zazza the Rambler Experience level: 1 Strength: 12 Dexterity: 12 Constitution: 14 Intelligence: 12 Wisdom: 9 Charisma: 18 Health: 0(9) Energy: 2(2) Def: 4 Gold: 392 Moves: 2571 Dungeon seed: 5jQ9UWu-neNdz9Dj Game ID: Zazza_1604863205 Your Inventory: Coins $ - 392 gold pieces Weapons a - 22 blessed +2 darts p - a cursed -1 sling R - a +0 orcish dagger (weapon in hand) Armor q - an uncursed +1 dwarvish cloak (being worn) r - an uncursed +0 pair of gauntlets of dexterity (being worn) y - a blessed +1 pair of speed boots (being worn) Comestibles d - 2 uncursed bananas f - an uncursed lembas wafer u - 2 uncursed tripe rations v - an uncursed carrot F - 2 uncursed slime molds V - 4 uncursed food rations Z - 2 uncursed eggs Scrolls i - 2 blessed scrolls of magic mapping Potions g - 3 uncursed potions of extra healing m - an uncursed potion of gain energy Rings L - an uncursed ring of searching (on left hand) Tools j - an expensive camera (0:41) k - an uncursed credit card I - a horn of plenty (0:15) Gems e - an uncursed worthless piece of green glass n - 2 uncursed worthless pieces of red glass Spells and supernatural/magical abilities: Name Level Category Fail Memory p - protection 1 clerical 24% 94% W - pray for help -- divine ? -- Your skills at the end: Fighting Skills Weapon Skills dart [Basic] Spellcasting Skills Final Attributes: You were nominally aligned. You had automatic searching. You were very fast. You are dead. Vanquished creatures: 2 coyotes 2 hobbits a large kobold a brown mold a yellow mold a green mold 2 gnome zombies 2 geckos 11 jackals 2 foxes 2 kobolds 2 goblins 2 sewer rats 9 grid bugs a bat 5 lichens 4 newts 50 creatures vanquished. Voluntary challenges: You used a wielded weapon 7 times, starting on turn 1685. You read items or engraved 9 times, starting on turn 295. You never genocided any monsters. You never polymorphed an object. You never changed form. You used no wishes. You never split a pudding. You wrote Elbereth's name 3 times, starting on turn 295. You never violated your personal moral code. Dungeon overview: The Dungeons of Doom: levels 1 to 5 Level 1 some fountains a long staircase Level 2 a general store, a fountain stairs to The Gnomish Mines Level 3 a general store, an altar to The Lady, some fountains Level 4 Level 5 <- You were here a scroll shop, a fountain The Gnomish Mines: Level 3 stairs to The Dungeons of Doom History has recorded: On T:1 you entered the Dungeons of Doom to retrieve the Amulet of Yendor! On T:456 you reached level 2 of The Dungeons of Doom. On T:979 you reached level 1 of The Gnomish Mines. On T:1017 you reached level 3 of The Dungeons of Doom. On T:1966 you reached level 4 of The Dungeons of Doom. On T:2358 you reached level 5 of The Dungeons of Doom. Score breakdown: Gold: 0 ( 0 points) Experience: 1 level ( 0 points) Exploration: 5 levels ( 10.64%) ( 8846 points) Discoveries: 9 items ( 3.02%) ( 5213 points) Valuables value: (no points given unless you survive) Artifact value: 0 ( 0 points) Variety of kills: 17 monsters ( 4.46%) ( 6336 points) Turncount: 2571 turns ( -371 points) Survival: died (score multiplied by 80%) Total score: 16019 Latest messages: You displace your kitten. You feel strong! You must have been exercising. $ - 26 gold pieces. You displace your kitten. $ - 61 gold pieces. The kitten bites the grid bug. The kitten misses the grid bug. (2x) You see here a large box. The kitten bites the grid bug. The grid bug is killed! Hmmm, it seems to be locked. You succeed in picking the lock. You trigger a trap! A tower of flame bursts from the large box! You stop picking the lock. Your scroll labeled TEMOV catches fire and burns! Your scroll of magic mapping catches fire and burns! Your potion of oil boils and explodes! You die... Final status: Aloha Zazza the Tourist, killed by a boiling potion... You died in The Dungeons of Doom on dungeon level 5 with 16019 points, and 392 pieces of gold, after 2571 moves. You were level 1 with a maximum of 9 hit points when you died.